 Dungeon Crawl Stone Soup version 0.31-a0-986-g5e6e4ef867 (webtiles) character file.

Game seed: 11156985435857194073

67 OTABOTABOTAB the Ruffian (level 4, 35/35 HPs)
             Began as a Draconian Shapeshifter on Oct 13, 2023.
             Quit the game on level 2 of the Dungeon on Nov 8, 2023.
             The game lasted 00:02:48 (1329 turns).

OTABOTABOTAB the Ruffian (Draconian Shapeshifter)   Turns: 1329, Time: 00:02:48

Health: 35/35      AC:  5    Str: 19    XL:     4   Next: 0%
Magic:  4/4        EV: 12    Int: 10    God:
Gold:   71         SH:  0    Dex: 10    Spells: 3/3 levels left

rFire   . .          .
                       - Unarmed
rCold   . . .        (no shield)
rNeg    . . .        (body armour unavailable)
rPois   .            (helmet currently unavailable)
rElec   .            (cloak currently unavailable)
rCorr   .            (gloves currently unavailable)
SInv    .            (boots currently unavailable)
Will    .....        (no amulet)
Stlth   +            Z - ring of wizardry {Wiz+, !d}
HPRegen 0.25/turn    (no ring)
MPRegen 0.09/turn

%: wizardry (x1)
@: beast-form
A: beast (slay +2), AC +5, unfitting armour, cold-blooded
a: Begin Untransformation


You were on level 2 of the Dungeon.
You were a hulking beast.
You visited 1 branch of the dungeon, and saw 2 of its levels.

You collected 71 gold pieces.

Inventory:

Missiles
 s - 15 stones
Armour
 e - a +0 cloak
   (You found it on level 1 of the Dungeon)
Jewellery
 Z - a ring of wizardry (left hand) {Wiz+, !d}
   (You found it on level 2 of the Dungeon)
Talismans
 b - a beast talisman
 c - a flux talisman
Scrolls
 a - a scroll of vulnerability {unknown}
 d - a scroll of identify {unknown}
 g - a scroll of amnesia {unknown}
 i - a scroll of fog {unknown}
 j - a scroll of enchant weapon {unknown}
Potions
 f - a potion of invisibility {unknown}
 h - a potion of brilliance {unknown}
 k - a potion of attraction {unknown}
 P - 2 potions of lignification {!q}


   Skills:
 - Level 1.1 Fighting
 - Level 1.7 Dodging
 + Level 4.0 Unarmed Combat
 + Level 3.9 Shapeshifting


You had 3 spell levels left.
You didn't know any spells.
Your spell library was empty.

Dungeon Overview and Level Annotations

Branches:
Dungeon (2/15)

Altars:


Innate Abilities, Weirdness & Mutations

You are a hulking beast.
Your limbs bulge with bestial killing power. (Slay +2)
Your plain brown scales are hard. (AC +5)
You cannot fit into any form of body armour.
You are cold-blooded and may be slowed by cold attacks.


Message History

An adder is nearby!
The helpless adder fails to defend itself.
You punch the adder! You tail-slap the adder.
You kill the adder!
You see here an adder corpse.
A rat comes into view.
A rat is nearby!
A rat is nearby!
You closely miss the rat. The rat barely misses you.
A rat is nearby!
You hit the rat.
You kill the rat!
You see here a rat corpse.
You now have 62 gold pieces (gained 4).
You now have 71 gold pieces (gained 9). 2 jackals come into view.
There are monsters nearby!
There are monsters nearby!
There are monsters nearby!
The jackal barks!
You hear a bark!
You hit the jackal.
You kill the jackal!
A jackal comes into view.
The jackal bites you but does no damage.
There are monsters nearby!
You barely miss the jackal. The jackal barely misses you.
There are monsters nearby!
You closely miss the jackal. The jackal bites you.
There are monsters nearby!
You take 1 damage, and have 27/28 hp.
You hit the jackal. The jackal closely misses you. The jackal bites you.
You take 1 damage, and have 26/28 hp.
You hit the jackal.
You kill the jackal!
Unknown command.
You barely miss the jackal. Your punch misses the jackal.
The jackal barely misses you.
You closely miss the jackal. The jackal barely misses you.
The jackal bites you.
You take 1 damage, and have 26/28 hp.
You hit the jackal but do no damage.
The jackal bites you but does no damage.
A jackal is nearby!
You closely miss the jackal. The jackal misses you.
You barely miss the jackal. The jackal bites you.
The jackal closely misses you.
A jackal is nearby!
You take 2 damage, and have 24/28 hp.
A jackal is nearby!
You closely miss the jackal.
The jackal bites you but does no damage.
You barely miss the jackal.
The jackal bites you but does no damage.
A jackal is nearby!
You hit the jackal. You tail-slap the jackal.
You kill the jackal!
No target in view!
Things that are here:
a jackal corpse; a jackal corpse
P - 2 potions of lignification {!q} (gained 1)
A goblin comes into view. It is wielding a +0 dagger.
The goblin shouts!
Health restored: 28 A goblin is nearby!
The goblin misses you.
A goblin is nearby!
You hit the goblin.
You kill the goblin!
An adder comes into view.
An adder is nearby!
The adder hisses angrily.
The adder bites you but does no damage.
An adder is nearby!
You hit the adder. The adder barely misses you.
An adder is nearby!
You miss the adder.
Your tail-slap misses the adder.
The adder bites you.
You take 2 damage, and have 26/28 hp.
An adder is nearby!
You closely miss the adder. You tail-slap the adder.
The adder bites you but does no damage.
An adder is nearby!
You punch the adder!
You kill the adder!
Your Unarmed Combat skill increases to level 4!
You have reached level 4!
You feel stronger.
No target in view!
You regained 7 hp, and now have 34/35 hp.
MP restored: 4 No target in view!
No target in view!
No target in view!
There is a stone staircase leading down here.
A kobold comes into view. It is wielding a +0 whip.
The kobold shouts!
A kobold is nearby!
Health restored: 35
Okay, then.
Bad channel name 'Jiyva says' for runrest: 'Jiyva says: Divide and consume' Welcome back, OTABOTABOTAB the Draconian Shapeshifter.

#.##.# #.##.# #.##.#
#.##.# #.##.## #.##...
#.#####
##################.#....
.$...K.h................
#############.......####
####.##........
########....##.#...###
.......'.............#
########.....#.##.##.#
#....#..##.##.#
#.............[
#........#.##..


You could see a kobold.

Vanquished Creatures
  3 adders (D:2)
  2 dart slugs
  6 bats
  3 endoplasms
  2 giant cockroaches
  2 hobgoblins
  3 jackals (D:2)
  2 kobolds
  A quokka (D:2)
  2 ball pythons
  3 frilled lizards
  5 goblins
  2 rats (D:2)
36 creatures vanquished.

Notes
Turn   | Place    | Note
-------+----------+-------------------------------------------
     0 | D:1      | OTABOTABOTAB the Draconian Shapeshifter began the quest for
                  | the Orb.
     0 | D:1      | Reached XP level 1. HP: 16/16 MP: 1/1
   230 | D:1      | Reached XP level 2. HP: 17/23 MP: 2/2
   840 | D:2      | Reached XP level 3. HP: 28/28 MP: 3/3
  1267 | D:2      | Reached skill level 4 in Unarmed Combat
  1267 | D:2      | Reached XP level 4. HP: 34/35 MP: 4/4
  1329 | D:2      | Upgraded the game from 0.31-a0-876-gfe8ebadbca to
                  | 0.31-a0-986-g5e6e4ef867
  1329 | D:2      | Quit the game

Illustrated notes

Levels and vault maps discovered:
D:1:      lightli_arrival_maybe_door_vault, layout_basic, minmay_tripent
D:2:      layout_basic, hangedman_abyss_or_decor_lesser_grid,
          nicolae_twisty_statue_hallways

Skill      XL: |  1  2  3 |
---------------+----------+-----
Unarmed Combat | 4 |  4.0
Fighting       | |  1.1
Dodging        | |  1.7
Shapeshifting  | |  3.9

Action                     |  1- 3 |  4- 6 || total
---------------------------+-------+-------++-------
  Melee: Unarmed           |    98 |       ||    98
         Tailslap          |     6 |       ||     6
         Punch             |     2 |       ||     2
   Stab: Sleeping          |     2 |       ||     2
 Armour: Skin              |    42 |       ||    42
  Dodge: Dodged            |    65 |       ||    65

Table legend: (Time is in decaauts)
 A = Elapsed time spent in this place.
 B = Non-inter-level travel time spent in this place.
 C = Inter-level travel time spent in this place.
 D = Time resting spent in this place.
 E = Time spent auto-exploring this place.
 F = Levels seen in this place.
 G = Mean time per level.
                   A        B        C        D        E       F      G
               +--------+--------+--------+--------+--------+-----+--------+
         Total |   1322 |   1298 |     24 |      0 |   1089 |   2 |  661.0 |
       Dungeon |   1322 |   1298 |     24 |      0 |   1089 |   2 |  661.0 |
               +--------+--------+--------+--------+--------+-----+--------+

Top non-repeatable levels by time:
     D:1: 798 daAuts
     D:2: 523 daAuts

Levels and vault maps discovered:
D:1:      lightli_arrival_maybe_door_vault, layout_basic, minmay_tripent
D:2:      layout_basic, hangedman_abyss_or_decor_lesser_grid,
          nicolae_twisty_statue_hallways

Table legend: (Time is in decaauts)
 A = Elapsed time spent in this place.
 B = Non-inter-level travel time spent in this place.
 C = Inter-level travel time spent in this place.
 D = Time resting spent in this place.
 E = Time spent auto-exploring this place.
 F = Levels seen in this place.
 G = Mean time per level.
                   A        B        C        D        E       F      G
               +--------+--------+--------+--------+--------+-----+--------+
         Total |   1322 |   1298 |     24 |      0 |   1089 |   2 |  661.0 |
       Dungeon |   1322 |   1298 |     24 |      0 |   1089 |   2 |  661.0 |
               +--------+--------+--------+--------+--------+-----+--------+

Top non-repeatable levels by time:
     D:1: 798 daAuts
     D:2: 523 daAuts

Table legend:
 A = Kills in this place as a percentage of kills in the entire game.
 B = Kills by you in this place as a percentage of kills by you in the entire game.
 C = Kills by friends in this place as a percentage of kills by friends in the entire game.
 D = Other kills in this place as a percentage of other kills in the entire game.
 E = Experience gained in this place as a percentage of experience gained in the entire game.
 F = Experience gained in this place divided by the number of levels of this place that you have seen.
                   A       B       C       D       E      F
               +-------+-------+-------+-------+-------+----------------------
         Total | 100.0 | 100.0 |   N/A |   N/A | 100.0 |  48.5
       Dungeon | 100.0 | 100.0 |   N/A |   N/A | 100.0 |  48.5
               +-------+-------+-------+-------+-------+----------------------
